 Dungeon Crawl Stone Soup version 0.26.0-57-g60708a5e39 (webtiles) character file.

Game seed: 11461832063657122901

(classic levelgen) 12 thiole the Magician (level 2, -3/17 HPs)
             Began as an Octopode Hedge Wizard on Feb 1, 2021.
             Slain by a hound (6 damage)
             ... on level 2 of the Dungeon.
             The game lasted 00:00:49 (1381 turns).

thiole the Magician (Octopode Hedge Wizard)         Turns: 1381, Time: 00:00:50

Health: -3/17      AC:  1    Str:  9    XL:     2   Next: 33%
Magic:  2/6        EV: 13    Int: 16    God:
Gold:   98         SH:  0    Dex: 11    Spells: 6/7 levels left

rFire    . . .     SeeInvis .   a - +0 dagger
rCold    . . .     Faith    .   (no shield)
rNeg     . . .     Spirit   .   b - +0 hat
rPois    .         Reflect  .   (no amulet)
rElec    .         Harm     .   (no ring)
rCorr    .         Rampage  .   (no ring)
Will     .....                  (no ring)
Stlth    +++.......             (no ring)
HPRegen  0.05/turn              (no ring)
MPRegen  0.10/turn              (no ring)
                                (no ring)
                                (no ring)

@: no status effects
A: almost no armour, stealthy swim, amphibious, 8 rings, constrict 8, camouflage
1, gelatinous body 1
a: no special abilities


You were on level 2 of the Dungeon.
You visited 1 branch of the dungeon, and saw 2 of its levels.

You collected 98 gold pieces.

Inventory:

Hand Weapons
 a - a +0 dagger (weapon)
Missiles
 j - 17 poisoned darts
Armour
 b - a +0 hat (worn)
Jewellery
 f - a +6 ring of dexterity {unknown}
 g - a cursed amulet of inaccuracy {unknown}
Scrolls
 c - a scroll of magic mapping {unknown}
 e - 2 scrolls of amnesia {unknown}
 h - a scroll of identify {unknown}
Potions
 d - 2 potions of curing {unknown}
 i - 2 potions of might {unknown}


   Skills:
 + Level 2.1 Dodging
 + Level 2.8 Stealth
 + Level 3.1 Spellcasting
 * Level 1.6 Conjurations
 + Level 1.1 Summonings
 + Level 1.1 Translocations


You had 6 spell levels left.
You knew the following spells:

 Your Spells              Type           Power        Failure   Level
a - Magic Dart            Conj           28%          10%         1

Your spell library contained the following spells:

 Spells                   Type           Power        Failure   Level
 Blink                    Tloc           N/A          19%         2
 Call Imp                 Summ           6%           19%         2
 Slow                     Hex            2%           28%         2
 Conjure Flame            Conj/Fire      5%           36%         3
 Mephitic Cloud           Conj/Pois/Air  4%           41%         3


Dungeon Overview and Level Annotations

Branches:
Dungeon (2/15)

Altars:
Makhleb


Innate Abilities, Weirdness & Mutations

You cannot wear most types of armour.
You are very stealthy in the water. (Stealth+)
You are amphibious.
You can wear up to eight rings at the same time.
You can use your tentacles to constrict eight enemies at once.
Your skin changes colour to match your surroundings (Stealth+).
Your rubbery body absorbs attacks. (AC +1, EV +1)


Message History

You constrict the hound. The hound completely misses you. The hound bites you.
* * * LOW HITPOINT WARNING * * *
Casting: Magic Dart (safe; 10% risk of failure)
Confirm with . or Enter, or press ? or * to list all spells.
Aiming: Magic Dart (safe; 10% risk of failure)
Press: ? - help, Shift-Dir - straight line, f/p - hound
Aim: a hound (heavily wounded, constricted by you, 0% to evade)
The magic dart hits the hound.
The hound is severely wounded.
You constrict the hound, but do no damage.
The hound closely misses you.
Casting: Magic Dart (safe; 10% risk of failure)
Confirm with . or Enter, or press ? or * to list all spells.
Aiming: Magic Dart (safe; 10% risk of failure)
Press: ? - help, Shift-Dir - straight line, f/p - hound
Aim: a hound (severely wounded, constricted by you, 0% to evade)
The magic dart hits the hound.
The hound is almost dead.
You constrict the hound. The hound misses you. The hound bites you.
You die...

.
#..#........##..#
....#............#
##..#..#########.#
......# #.# .. #.#
#.# ##.# #..# #@##
..K...h....#
...........#
...........#
.............
..............
###..##......!.
... .........


You could see a hound and a kobold.

Vanquished Creatures
  2 goblins
  3 hobgoblins (D:1)
  2 bats (D:1)
  3 kobolds (D:1)
  3 rats (D:1)
13 creatures vanquished.

Notes
Turn   | Place    | Note
-------+----------+-------------------------------------------
     0 | D:1      | thiole the Octopode Hedge Wizard began the quest for the
                  | Orb.
     0 | D:1      | Reached XP level 1. HP: 11/11 MP: 4/4
   465 | D:1      | Reached XP level 2. HP: 4/17 MP: 0/6
  1347 | D:2      | Found a burning altar of Makhleb.
  1381 | D:2      | Slain by a hound

Illustrated notes

Levels and vault maps discovered:
D:1:      minmay_arrival_four_loops, layout_loops_ring, minivault_24,
          minivault_4
D:2:      layout_rooms, lemuel_round_altar,
          chequers_ecumenical_altar_simple_redux

Action                   || total
-------------------------++-------
Melee: Dagger            ||     9
       Constrict         ||     4
       Tentacles         ||     3
 Cast: Magic Dart        ||    33
Armor: Skin              ||     1
Dodge: Dodged            ||     8
